 Dungeon Crawl Stone Soup version 0.16.1-18-g436b03c (webtiles) character file.

172 DRC the Shooter (level 5, 33/44 HPs)
             Began as a Centaur Hunter on May 3, 2015.
             Quit the game on level 3 of the Dungeon.
             The game lasted 00:21:45 (2757 turns).

DRC the Shooter (Centaur Hunter)                    Turns: 2757, Time: 00:21:45

Health: 33/44      AC:  5    Str: 15    XL:     5   Next: 27%
Magic:  4/4        EV:  9    Int: 10    God:
Gold:   79         SH:  0    Dex: 10    Spells: 0 memorised, 4 levels left

rFire  . . .     SeeInvis .     b - +1 shortbow
rCold  . . .     Clarity  .     d - +0 leather armour
rNeg   . . .     SustAb   .     (no shield)
rPois  .         Gourm    .     (no helmet)
rElec  .         Spirit   .     (no cloak)
rCorr  .         Warding  .     i - +0 pair of gloves
rMut   .         Stasis   .     (no barding)
MR     .....                    (no amulet)
Stlth  +.........               (no ring)
                                (no ring)

@: very quick, not resistant to hostile enchantments, very unstealthy
A: hooves 3, deformed body, speed 2, tough skin 3
a: no special abilities


You were on level 3 of the Dungeon.
You were not hungry.

You visited 1 branch of the dungeon, and saw 3 of its levels.

You collected 79 gold pieces.

Inventory:

Hand weapons
 a - a +0 short sword
 b - a +1 shortbow (weapon)
 o - a +0 spear
 p - a +0 halberd
Missiles
 c - 23 arrows (quivered)
 g - 6 tomahawks
Armour
 d - a +0 leather armour (worn)
 i - a +0 pair of gloves (worn)
 j - a +0 ring mail
Scrolls
 h - 3 scrolls of teleportation
 r - a scroll of enchant weapon {unknown}
Potions
 e - a potion of flight
 k - a potion of magic
 m - a potion of brilliance {unknown}
 n - a potion of beneficial mutation {unknown}
Books
 s - a book of Party Tricks

   Spells                             Type                      Level
   a - Summon Butterflies             Summoning                    1
   b - Apportation                    Translocation                1
   c - Tukima's Dance                 Hexes                        3
   d - Alistair's Intoxication        Transmutation/Poison         4
   e - Invisibility                   Hexes                        6
Comestibles
 f - 4 bread rations
 l - a meat ration
 q - a slice of pizza


   Skills:
 + Level 2.9 Fighting
 * Level 1.3 Short Blades
 * Level 6.6 Bows
 - Level 0.6 Throwing
 + Level 1.5 Armour
 + Level 1.8 Dodging
 - Level 0.5 Stealth


You had 4 spell levels left.
You didn't know any spells.

Dungeon Overview and Level Annotations

Branches:
Dungeon (3/15)

Altars:


Innate Abilities, Weirdness & Mutations

You have hooves in place of feet.
Armour fits poorly on your strangely shaped body.
You cover ground very quickly.
You have extremely tough skin (AC +3).


Message History

Firing (i - inventory. (,) - cycle):
c - 26 arrows (quivered)
Press: ? - help, Shift-Dir - straight line, f/p - quokka
Aim: a quokka You shoot an arrow.
The arrow closely misses the quokka.
The quokka bites you but does no damage.
Firing (i - inventory. (,) - cycle):
c - 25 arrows (quivered)
Press: ? - help, Shift-Dir - straight line, f/p - quokka
Aim: a quokka You shoot an arrow.
The arrow closely misses the quokka.
The quokka bites you.
Firing (i - inventory. (,) - cycle):
c - 24 arrows (quivered)
Press: ? - help, Shift-Dir - straight line, f/p - quokka
Aim: a quokka You shoot an arrow.
The arrow hits the quokka!
You kill the quokka!
Save game and exit?
Welcome back, DRC the Centaur Hunter.
Press ? for a list of commands and other information.
Quiver which item? (- for none, * to show all) (? for menu, Esc to quit)
Okay, then.
Are you sure you want to abandon this character and quit the game? (Confirm with "yes".)

#. . ##. #.. #.# #.#
. #######.# #.
.)......#@# .. #.#
#..(# .# #.#
###.###.# #.# #.....#
#.########..#..####.#
#.##.†...(<.(..((...#
#(#..#####(.##.##.###
#..r###.....# #
#...###.##(##


There were no monsters in sight!

Vanquished Creatures
  3 adders
  4 gnolls (D:2)
  A giant mite (D:3)
  4 worms
  A shadow imp (D:3)
  A giant gecko (D:1)
  An ooze (D:1)
  An orc (D:3)
  8 hobgoblins
  13 jackals
  5 kobolds
  A quokka (D:3)
  2 ball pythons
  7 bats
  5 giant cockroaches
  A giant newt (D:1)
  9 goblins
  4 rats
71 creatures vanquished.

Notes
Turn   | Place    | Note
--------------------------------------------------------------
     0 | D:1      | DRC, the Centaur Hunter, began the quest for the Orb.
     0 | D:1      | Reached XP level 1. HP: 17/17 MP: 1/1
   323 | D:1      | Reached XP level 2. HP: 21/24 MP: 2/2
   751 | D:1      | Reached XP level 3. HP: 18/30 MP: 3/3
  1722 | D:2      | Reached skill level 1 in Armour
  1939 | D:2      | Reached XP level 4. HP: 34/37 MP: 3/3
  1972 | D:2      | Reached skill level 6 in Bows
  2054 | D:2      | Reached skill level 1 in Short Blades
  2642 | D:3      | Reached XP level 5. HP: 28/44 MP: 4/4
  2757 | D:3      | Quit the game

Action                   |  1- 3 |  4- 6 || total
-------------------------+-------+-------++-------
Melee: Short sword       |   148 |    59 ||   207
 Fire: Shortbow          |    23 |    61 ||    84
Throw: Tomahawk          |    15 |       ||    15
  Use: Scroll            |     4 |     1 ||     5
  Eat: Bread ration      |     1 |       ||     1
       Beef jerky        |     1 |       ||     1
